 Dungeon Crawl Stone Soup version bcrawl-1.17.3 (webtiles) character file.

Game seed: 2691291376209765194

38 Mrkan the Skirmisher (level 3, 0/31 HPs)
             Began as a Demigod Fighter on Oct 26, 2019.
             Killed by divine providence
             ... invoked by an orc priest
              (14 damage)
             ... on level 3 of the Dungeon.
             The game lasted 00:02:42 (1868 turns).

Mrkan the Skirmisher (Demigod Fighter)              Turns: 1868, Time: 00:02:42

Health: 0/31       AC:  6    Str: 22    XL:     3   Next: 25%
Magic:  5/5        EV:  7    Int: 12    God:    Demigod [*.....]
Gold:   122        SH: 10    Dex: 16    Spells: 2/2 levels left

rFire    . . .     SeeInvis .   a - +0 long sword
rCold    . . .     Gourm    .   c - +0 shield
rNeg     . . .     Faith    .   b - +0 scale mail
rPois    .         Spirit   .   (no helmet)
rElec    .         Reflect  .   (no cloak)
rCorr    .         Harm     .   (no gloves)
MR       .....                  (no boots)
Stlth    ..........             (no amulet)
HPRegen  0.10/turn              (no ring)
MPRegen  0.09/turn              (no ring)

@: no status effects
A: high mp 1
a: Temporal Distortion


You were on level 3 of the Dungeon.
You worshipped Demigod.
Demigod was aware of your devotion.
You were very hungry.

You visited 1 branch of the dungeon, and saw 3 of its levels.

You collected 122 gold pieces.

Inventory:

Hand Weapons
 a - a +0 long sword (weapon)
Armour
 b - a +0 scale mail (worn)
 c - a +0 shield (worn)
Scrolls
 e - 5 scrolls of identify {unknown}
 l - a scroll of magic mapping {unknown}
 m - a scroll of amnesia {unknown}
 n - a scroll of remove curse {unknown}
 p - a scroll of enchant weapon {unknown}
Potions
 d - 2 potions of might
 g - a potion of lignification {unknown}
 h - 2 potions of brilliance {unknown}
 i - a potion of flight {unknown}
 j - a potion of degeneration {unknown}
 k - a potion of curing {unknown}
 o - a potion of haste {unknown}
Comestibles
 f - 4 rations {!d}


   Skills:
 + Level 3.4 Fighting
 + Level 2.6 Long Blades
 - Level 2.6 Armour
 - Level 2.6 Shields


You had 2 spell levels left.
You didn't know any spells.
Your spell library was empty.

Dungeon Overview and Level Annotations

Branches:
Dungeon (3/12)


Innate Abilities, Weirdness & Mutations

You have an increased reservoir of magic. (+10% MP)


Message History

Okay, then.
You miss the leopard gecko. You block the leopard gecko's attack.
The leopard gecko bites you but does no damage.
Your shield prevents you from hitting the leopard gecko.
The orc wizard mumbles some strange words.
The orc wizard seems to speed up.
The leopard gecko closely misses you.
You hit the leopard gecko.
You kill the leopard gecko!
Your kill strengthens your divinity.
You block the orc priest's attack.
The orc wizard casts a cantrip, but nothing happens.
You hit the orc priest but do no damage.
The orc priest hits you with a +0 club.
Your shield and scale mail prevent you from hitting the orc priest.
The orc priest hits you but does no damage.
Your scale mail prevents you from hitting the orc priest.
The orc priest mumbles some strange prayers to Beogh against you.
Beogh smites you!
You die...
Your divinity fades.

#.# #.# #.o.# #.# #.#
##o## #.# #.# #.#
#.#####.##### #o#
#...........###.######
####.######.##.......#
#.....##.#.....##.#
#>###.##.##o..###.#
#.#
#....@oo...##.#######
#.#
####.##.##...........
#.# #.##.#####.#######
#.######.##.......#
#........##########
##########


You could see an orc priest, an orc wizard and an orc.

Vanquished Creatures
  An ooze (D:2)
  2 worms
  A dart slug (D:1)
  2 leopard geckos
  A giant cockroach (D:2)
  A goblin (D:1)
  2 hobgoblins (D:2)
  3 jackals (D:1)
  2 quokkas (D:2)
  A ball python (D:1)
  3 frilled lizards
  4 kobolds
  A rat (D:1)
24 creatures vanquished.

Notes
Turn   | Place    | Note
-------+----------+-------------------------------------------
     0 | D:1      | Mrkan the Demigod Fighter began the quest for the Orb.
     0 | D:1      | Reached XP level 1. HP: 18/18 MP: 3/3
   311 | D:1      | Reached skill level 3 in Fighting
   311 | D:1      | Reached XP level 2. HP: 24/26 MP: 4/4
  1208 | D:2      | Found a glowing silver altar of Zin.
  1210 | D:2      | Found a white marble altar of Elyvilon.
  1212 | D:2      | Found a glowing golden altar of the Shining One.
  1256 | D:2      | Found a sparkling altar of Nemelex Xobeh.
  1256 | D:2      | Found an ornate altar of the Wu Jian Council.
  1257 | D:2      | Found a corrupted altar of Lugonu.
  1339 | D:2      | Reached XP level 3. HP: 31/31 MP: 5/5
  1628 | D:2      | Found a snail-covered altar of Cheibriados.
  1686 | D:2      | Reached * piety under Demigod
  1868 | D:3      | Killed from afar by an orc priest

Skill      XL: |  1 |
---------------+----+-----
Long Blades    | 2 |  2.6
Fighting       | 3 |  3.4
Armour         | |  2.6
Shields        | |  2.6

Action                   || total
-------------------------++-------
Melee: Long sword        ||   112
  Eat: Chunk             ||     2
Armor: Scale mail        ||    42
Dodge: Dodged            ||    42
Block: Shield            ||    66
